[Event "*** Titled Tuesday Blitz"]
[Site "Chess.com"]
[Date "2020.11.03"]
[Round "2"]
[White "BJthechessgod"]
[Black "Sergey85Rodchenkov"]
[Result "0-1"]
[WhiteElo "2299"]
[BlackElo "2473"]
[TimeControl "180+1"]
[EndTime "10:13:52 PST"]
[Termination "Sergey85Rodchenkov won by resignation"]

1. e4 c5 2. Nf3 d6 3. c3 Nf6 4.
Be2 Nbd7 5. d3 b5 6. O-O Bb7 7.
Nbd2 e6 8. a4 a6 9. axb5 axb5 10. Rxa8 Qxa8 11. Qc2 Be7 12. d4 Nxe4 13. Nxe4 Bxe4 14.
Qxe4 Qxe4 15. Re1 Qc6 16. Be3 O-O 17. dxc5 Nxc5 0-1

[Event "*** Titled Tuesday Blitz"]
[Site "Chess.com"]
[Date "2020.11.03"]
[Round "2"]
[White "SHIVACalypso"]
[Black "Sanyura"]
[Result "1-0"]
[WhiteElo "2323"]
[BlackElo "2503"]
[TimeControl "180+1"]
[EndTime "10:13:55 PST"]
[Termination "SHIVACalypso won by resignation"]

1. Nf3 Nf6 2. c4 g6 3. g3 Bg7 4. Bg2 d6 5. O-O O-O 6. Nc3 Nbd7 7. d3 e5 8. Rb1 a5 9. a3 Nc5 10. b4 axb4 11. axb4 e4 12. bxc5 exf3 13. Bxf3 dxc5 14. Bxb7 Bxb7 15. Rxb7 Qc8 16. Rb1 Qh3 17. f3 Nh5 18.
Ne4 h6 19. Bb2 f5 20. Nf2 1-0

[Event "*** Titled Tuesday Blitz"]
[Site "Chess.com"]
[Date "2020.11.03"]
[Round "2"]
[White "kidagent"]
[Black "GP9isback23"]
[Result "0-1"]
[WhiteElo "2289"]
[BlackElo "2469"]
[TimeControl "180+1"]
[EndTime "10:14:00 PST"]
[Termination "GP9isback23 won by resignation"]

1. e4 c5 2. Nf3 e6 3. d4 cxd4 4. Nxd4 Nf6 5. Nc3 Nc6 6. Ndb5 Bb4 7. a3 Bxc3+ 8. Nxc3 d5 9. exd5 exd5 10. Bd3 O-O 11. O-O d4 12. Ne2 Bg4 13. h3 Bh5 14. Bg5 Re8 15. Qd2 Bxe2 16. Bxe2 Ne4 17. Bxd8 Nxd2 0-1

[Event "*** Titled Tuesday Blitz"]
[Site "Chess.com"]
[Date "2020.11.03"]
[Round "2"]
[White "VMikhalevski"]
[Black "tk22h"]
[Result "1-0"]
[WhiteElo "2736"]
[BlackElo "2380"]
[TimeControl "180+1"]
[EndTime "10:14:25 PST"]
[Termination "VMikhalevski won by resignation"]

1. Nf3 Nf6 2. g3 d5 3. Bg2 g6 4.
O-O Bg7 5. b3 O-O 6. Bb2 c5 7.
c4 dxc4 8. bxc4 Nc6 9. Nc3 Rb8 10.
e3 b6 11. Qe2 Bb7 12. Rfd1 e6 13.
d4 cxd4 14. exd4 Qe7 15. a4 Rfd8 16. Rac1 Rbc8 17. Nb5 a6 18. Ba3 Qd7 19. Ne5 Nxe5 20. dxe5 Nd5 21. Nd6 Qxa4 22. Nxb7 Rd7 23. cxd5 Rxc1 24.
Rxc1 1-0

[Event "*** Titled Tuesday Blitz"]
[Site "Chess.com"]
[Date "2020.11.03"]
[Round "2"]
[White "Shoytan"]
[Black "jefferyx"]
[Result "0-1"]
[WhiteElo "2597"]
[BlackElo "2917"]
[TimeControl "180+1"]
[EndTime "10:14:32 PST"]
[Termination "jefferyx won by resignation"]

1. e4 c5 2. Nf3 Nc6 3. d4 cxd4 4. Nxd4 e6 5. Nc3 a6 6. g3 Qc7 7. Bg2 Bc5 8. Nb3 Ba7 9. Bf4 Ne5 10. O-O Nf6 11.
Kh1 h5 12. Bxe5 Qxe5 13. f4 Qc7 14. h3 d6 15. Qe2 Ng4 16. Nd1 Bd7 17. Bf3 Bb5 18.
Qe1 Bxf1 19. Qxf1 Qxc2 0-1

[Event "*** Titled Tuesday Blitz"]
[Site "Chess.com"]
[Date "2020.11.03"]
[Round "2"]
[White "talyamania"]
[Black "Nachsueb"]
[Result "1-0"]
[WhiteElo "2377"]
[BlackElo "2028"]
[TimeControl "180+1"]
[EndTime "10:14:37 PST"]
[Termination "talyamania won by resignation"]

1. e4 e6 2. d4 d5 3. Nd2 Nf6 4. e5 Nfd7 5. Bd3 c5 6. c3 Nc6 7. Ne2 cxd4 8. cxd4 f6 9. exf6 Qxf6 10. Nf3 Bd6 11.
Bg5 Qf7 12. Bh4 h6 13. Bg3 O-O 14. Bxd6 Re8 15. O-O e5 16. Nxe5 Ndxe5 17. dxe5 Nxe5 18. Bxe5 Rxe5 19. Nd4 Rg5 20. Nf3 Bg4 21. Nxg5 1-0

[Event "*** Titled Tuesday Blitz"]
[Site "Chess.com"]
[Date "2020.11.03"]
[Round "2"]
[White "GM_Levan_Pantsulaia"]
[Black "FMJoseHerrera"]
[Result "1-0"]
[WhiteElo "2853"]
[BlackElo "2562"]
[TimeControl "180+1"]
[EndTime "10:14:38 PST"]
[Termination "GM_Levan_Pantsulaia won by resignation"]

1. Nf3 Nf6 2. g3 g6 3. b3 Bg7 4.
Bb2 d6 5. d4 Nc6 6. Bg2 h5 7.
d5 Nb8 8. c4 Bg4 9. h3 Bf5 10.
Nbd2 Qc8 11. e4 Bd7 12. e5 dxe5 13. Nxe5 Bf5 14. Qe2 Nbd7 15. Ndf3 Nc5 16. Ng5 O-O 17. O-O Nce4 18. Nxe4 1-0

[Event "*** Titled Tuesday Blitz"]
[Site "Chess.com"]
[Date "2020.11.03"]
[Round "2"]
[White "woodhy"]
[Black "tsvet2005"]
[Result "0-1"]
[WhiteElo "2474"]
[BlackElo "2718"]
[TimeControl "180+1"]
[EndTime "10:14:44 PST"]
[Termination "tsvet2005 won by checkmate"]

1. e4 c5 2. Nf3 d6 3. d4 cxd4 4. Nxd4 Nf6 5. f3 e5 6. Bb5+ Nbd7 7. Nf5 d5 8. exd5 a6 9. Bxd7+ Bxd7 10. Ne3 Bc5 11. O-O O-O 12. Kh1 Nh5 13. Qe1 f5 14.
Nc3 b5 15. Bd2 Qb6 16. a4 f4 17. Ng4 Bxg4 18. fxg4 Ng3+ 19. hxg3 Qh6# 0-1

[Event "*** Titled Tuesday Blitz"]
[Site "Chess.com"]
[Date "2020.11.03"]
[Round "2"]
[White "barbara25"]
[Black "xamax2000"]
[Result "0-1"]
[WhiteElo "2340"]
[BlackElo "2673"]
[TimeControl "180+1"]
[EndTime "10:14:45 PST"]
[Termination "xamax2000 won by resignation"]

1. e4 c6 2. d4 d5 3. f3 dxe4 4.
fxe4 e5 5. Nf3 Bg4 6. Bc4 Nd7 7. O-O Ngf6 8. dxe5 Bxf3 9. Qxf3 Nxe5 10. Qc3 Bc5+ 11. Kh1 Bd4 12. Qb3 O-O 13. Bg5 Nxc4 14. Qxc4 Bxb2 15.
Nc3 Bxa1 16. Bxf6 gxf6 17. Rxa1 Qd6 18. Ne2 Rad8 19. h3 Qe6 20. Qb4 a5 21. Qxb7 Qxe4 22. Ng3 Qe5 0-1

[Event "*** Titled Tuesday Blitz"]
[Site "Chess.com"]
[Date "2020.11.03"]
[Round "2"]
[White "PetrolulSah"]
[Black "NikolaGry"]
[Result "1-0"]
[WhiteElo "2188"]
[BlackElo "2629"]
[TimeControl "180+1"]
[EndTime "10:15:19 PST"]
[Termination "PetrolulSah won by resignation"]

1. d4 d5 2. Nf3 Nc6 3. g3 Bg4 4. Bg2 Qd7 5. Ne5 Nxe5 6. dxe5 c6 7. c4 e6 8. Nc3 Bb4 9. O-O Ne7 10. cxd5 exd5 11.
Qb3 Bxc3 12. Qxc3 O-O 13. e3 Bh3 14. b3 Rae8 15. Bb2 Bxg2 16. e6 1-0

[Event "*** Titled Tuesday Blitz"]
[Site "Chess.com"]
[Date "2020.11.03"]
[Round "2"]
[White "dpopadic"]
[Black "Fiona"]
[Result "1-0"]
[WhiteElo "2408"]
[BlackElo "2161"]
[TimeControl "180+1"]
[EndTime "10:15:20 PST"]
[Termination "dpopadic won by resignation"]

1. e4 e5 2. Nf3 Nc6 3. Bb5 f5 4. Nc3 Nf6 5. Qe2 Bc5 6. Bxc6 dxc6 7. Nxe5 Qe7 8. Nd3 fxe4 9. Nxc5 Qxc5 10. Nxe4 Qe5 11.
Nxf6+ gxf6 12. Qxe5+ fxe5 13. O-O Bf5 14. d3 Kf7 15.
Re1 Kf6 16. Bd2 Rae8 17. Bc3 Rhg8 18. f4 1-0

[Event "*** Titled Tuesday Blitz"]
[Site "Chess.com"]
[Date "2020.11.03"]
[Round "2"]
[White "Grandelicious"]
[Black "bazar-wokzal"]
[Result "1-0"]
[WhiteElo "2796"]
[BlackElo "2518"]
[TimeControl "180+1"]
[EndTime "10:15:21 PST"]
[Termination "Grandelicious won by resignation"]

1. Nf3 d6 2. d4 f5 3. Nc3 Nf6 4. Bg5 Nbd7 5. Qd3 g6 6. e4 fxe4 7.
Nxe4 Bg7 8. O-O-O O-O 9. h4 Nxe4 10. Qxe4 Nf6 11. Bxf6 exf6 12. Bc4+ Kh8 13. h5 Re8 14. hxg6 h6 15. Qf4 d5 16. Rxh6+ Kg8 17. Rdh1 Re7 18.
Qh4 1-0

[Event "*** Titled Tuesday Blitz"]
[Site "Chess.com"]
[Date "2020.11.03"]
[Round "2"]
[White "Lestofante90"]
[Black "LawrenceTrent"]
[Result "1-0"]
[WhiteElo "2747"]
[BlackElo "2496"]
[TimeControl "180+1"]
[EndTime "10:15:31 PST"]
[Termination "Lestofante90 won by resignation"]

1. e4 c5 2. Nf3 Nc6 3. d3 g6 4. g3 Bg7 5. Bg2 e5 6. O-O Nge7 7. a3 O-O 8. c3 a5 9. a4 d6 10. Na3 h6 11. Nb5 f5 12. exf5 gxf5 13. Nh4 Be6 14. f4 e4 15. dxe4 fxe4 16. Qxd6 Bc4 17. Rd1 Bd3 18. Bxe4 Be2 19. Qe6+ 1-0

[Event "*** Titled Tuesday Blitz"]
[Site "Chess.com"]
[Date "2020.11.03"]
[Round "2"]
[White "Harry_Rakkel"]
[Black "MoreChessJulia"]
[Result "1-0"]
[WhiteElo "2639"]
[BlackElo "2071"]
[TimeControl "180+1"]
[EndTime "10:15:32 PST"]
[Termination "Harry_Rakkel won by resignation"]

1. d4 g6 2. c4 Bg7 3. e4 c5 4. d5 d6 5. Bd3 e6 6. Nc3 exd5 7. exd5 Nf6 8. h3 O-O 9. Nf3 Re8+ 10. Be3 a6 11. O-O Nbd7 12. Qd2 Ne5 13. Nxe5 Rxe5 14. Bf4 Re8 15. a4 b6 16. Rfe1 Nh5 17. Rxe8+ Qxe8 18. Bxd6 Bd4 19. Re1 Qd8 20. Be7 Qd7 21. d6 Bb7 22. Be4 Bxe4 23. Rxe4 Ng7 24. Nd5 Nf5 25. Rxd4 cxd4 26.
Nf6+ 1-0

[Event "*** Titled Tuesday Blitz"]
[Site "Chess.com"]
[Date "2020.11.03"]
[Round "2"]
[White "ciucas1892"]
[Black "Jeffinho023"]
[Result "0-1"]
[WhiteElo "2265"]
[BlackElo "2546"]
[TimeControl "180+1"]
[EndTime "10:15:39 PST"]
[Termination "Jeffinho023 won by checkmate"]

1. c4 Nf6 2. g3 e6 3. Nf3 b6 4.
Bg2 Bb7 5. O-O c5 6. Nc3 Be7 7.
d4 cxd4 8. Nxd4 Bxg2 9. Kxg2 Qc8 10. b3 O-O 11. Bb2 Nc6 12. e4 Qb7 13. f3 Rfd8 14. Rc1 Rac8 15. Qd2 d5 16. cxd5 exd5 17. Nxc6 Rxc6 18. e5 d4 19. exf6 dxc3 20. fxe7 Rxd2+ 21. Kh3 Qd7+ 22. g4 Rh6+ 23. Kg3 Qd6+ 24. f4 Qd3+ 25.
Rf3 Rh3+ 26. Kxh3 Qxf3+ 27. Kh4 Rxh2+ 28. Kg5 h6+ 29. Kf5 Qd5# 0-1

[Event "*** Titled Tuesday Blitz"]
[Site "Chess.com"]
[Date "2020.11.03"]
[Round "2"]
[White "Sharpchess22"]
[Black "KatarinaOstojic"]
[Result "1-0"]
[WhiteElo "2830"]
[BlackElo "2350"]
[TimeControl "180+1"]
[EndTime "10:15:42 PST"]
[Termination "Sharpchess22 won by resignation"]

1. c4 f5 2. Nf3 d6 3. g3 Nf6 4. Bg2 g6 5. d4 Bg7 6. O-O O-O 7. Nc3 Qe8 8. Rb1 a5 9. a3 Nc6 10. b4 axb4 11. axb4 e5 12. dxe5 Nxe5 13. Nxe5 Qxe5 14. Nb5 Qe7 15. c5 dxc5 16. bxc5 Ne4 17. Bf4 c6 18.
Nd6 Nc3 19. Qb3+ Kh8 20. Nxc8 Raxc8 21. Bd6 Qf6 22. Bxf8 Nxb1 23. Bxg7+ Qxg7 24. Rxb1 Rc7 25. Qe6 Qd4 26. e3 Qxc5 27. Qf6+ Kg8 28. Rd1 Rc8 29. Rd7 Qc1+ 30. Bf1 1-0

[Event "*** Titled Tuesday Blitz"]
[Site "Chess.com"]
[Date "2020.11.03"]
[Round "2"]
[White "AndrewMaco"]
[Black "manipun1"]
[Result "1-0"]
[WhiteElo "2656"]
[BlackElo "2235"]
[TimeControl "180+1"]
[EndTime "10:15:46 PST"]
[Termination "AndrewMaco won by resignation"]

1. e4 d6 2. d4 Nf6 3. Bd3 e5 4. c3 Nc6 5. Nf3 Bg4 6. d5 Ne7 7.
h3 Bd7 8. c4 Ng6 9. Nc3 Be7 10.
O-O O-O 11. Be3 Nh5 12. Re1 Nhf4 13. Bf1 h6 14. Kh2 f5 15. exf5 Bxf5 16. g3 Nh5 17. g4 Nh4 18. Nxh4 Bxh4 19. gxf5 Rxf5 20. Bd3 Qf6 21. Bxf5 Qxf5 22. Qg4 1-0

[Event "*** Titled Tuesday Blitz"]
[Site "Chess.com"]
[Date "2020.11.03"]
[Round "2"]
[White "Lady_Nika"]
[Black "eCztery"]
[Result "1-0"]
[WhiteElo "2450"]
[BlackElo "2254"]
[TimeControl "180+1"]
[EndTime "10:15:51 PST"]
[Termination "Lady_Nika won by resignation"]

1. d4 Nf6 2. e3 e6 3. Bd3 c5 4. f4 cxd4 5. exd4 d5 6. Nf3 Nc6 7. c3 Bd6 8. Qe2 O-O 9. O-O Ne7 10.
Ne5 Nd7 11. Rf3 f5 12. Rh3 Nxe5 13. fxe5 Bc7 14. Qh5 Qe8 15. Qxh7+ Kf7 16. Rg3 Rg8 17. Be2 Kf8 18. Bh5 Qb5 19. Bh6 1-0

[Event "*** Titled Tuesday Blitz"]
[Site "Chess.com"]
[Date "2020.11.03"]
[Round "2"]
[White "esapunov"]
[Black "KyrgyzFighter"]
[Result "0-1"]
[WhiteElo "2637"]
[BlackElo "2353"]
[TimeControl "180+1"]
[EndTime "10:15:56 PST"]
[Termination "KyrgyzFighter won by resignation"]

1. c4 c6 2. Nf3 d5 3. b3 Nf6 4. Bb2 Bg4 5. e3 Nbd7 6. h3 Bh5 7. Nc3 e5 8. cxd5 cxd5 9. Bb5 Bd6 10. g4 Bg6 11. g5 Ne4 12. Nxd5 Nxg5 13. Nxe5 Bxe5 14. Bxe5 O-O 15. Bxd7 Qxd7 16. Nc3 Qc6 17. Rh2 Nf3+ 18. Kf1 Bd3+ 19. Ne2 Nxh2+ 20. Bxh2 Qh1+ 21. Bg1 Qxh3+ 22. Ke1 Qg2 0-1

[Event "*** Titled Tuesday Blitz"]
[Site "Chess.com"]
[Date "2020.11.03"]
[Round "2"]
[White "almo64"]
[Black "Oglob71"]
[Result "1-0"]
[WhiteElo "2703"]
[BlackElo "2469"]
[TimeControl "180+1"]
[EndTime "10:15:57 PST"]
[Termination "almo64 won by resignation"]

1. e4 c5 2. Nc3 a6 3. g3 b5 4. Bg2 Bb7 5. Nge2 b4 6. Na4 e5 7. c3 Nf6 8. d4 bxc3 9. dxe5 cxb2 10. Bxb2 Nxe4 11. O-O Be7 12. Qc2 d5 13. exd6 Nxd6 14.
Bxb7 Nxb7 15. Bxg7 Rg8 16. Qxh7 Rxg7 17. Qxg7 Nc6 18. Rad1 Qa5 19. Nac3 Nbd8 20. Nd5 Ne6 21. Qh8+ Nf8 22. Nf6+ Bxf6 23. Qxf6 Qc7 24. Rfe1 Ne7 25. Nf4 Rd8 26. Nd5 Ng6 1-0

[Event "*** Titled Tuesday Blitz"]
[Site "Chess.com"]
[Date "2020.11.03"]
[Round "2"]
[White "Hikaru"]
[Black "NewBornNow"]
[Result "0-1"]
[WhiteElo "3217"]
[BlackElo "2647"]
[TimeControl "180+1"]
[EndTime "10:16:00 PST"]
[Termination "NewBornNow won by resignation"]

1. Nf3 d6 2. d4 g6 3. e4 Nf6 4. Bc4 Nxe4 5. O-O d5 6. Bd3 Bg7 7. Re1 Nf6 8. Bg5 O-O 9. Qd2 b6 10. Qf4 Bb7 11. Nbd2 Nbd7 12. Qh4 c5 13. c3 Re8 14. Re2 a5 15. Re3 cxd4 16. cxd4 Ba6 17. Bxa6 Rxa6 18. Rc1 Ra8 19. Rec3 b5 20. Rc7 Nf8 21.
Rxe7 Rxe7 22. Ne5 Re6 23. Nb3 h6 24. Bxh6 Ne4 25. Qh3 Bxh6 26. Qxh6 Qg5 27. Qxg5 Nxg5 28. Nc5 Ree8 29. Ncd3 Nfe6 30. Nd7 Kg7 31. h4 Ne4 32. f3 Ng3 33. N7e5 Ne2+ 0-1

[Event "*** Titled Tuesday Blitz"]
[Site "Chess.com"]
[Date "2020.11.03"]
[Round "2"]
[White "Godzillator"]
[Black "DraG0s3L"]
[Result "0-1"]
[WhiteElo "2302"]
[BlackElo "2601"]
[TimeControl "180+1"]
[EndTime "10:16:03 PST"]
[Termination "DraG0s3L won by resignation"]

1. d4 d5 2. c4 e6 3. cxd5 exd5 4. Nc3 Nf6 5. Bg5 Be7 6. e3 c6 7. Bd3 O-O 8. Qc2 Nbd7 9. Nf3 Re8 10. O-O Ne4 11. Bf4 f5 12. Ne5 Bf6 13. Nxd7 Bxd7 14. b4 a6 15. a4 Rc8 16. Rab1 Qe7 17. a5 g5 18. Bxe4 fxe4 19. Bg3 h5 20. h3 h4 21. Bh2 g4 22. hxg4 Bxg4 23. Ne2 h3 24. gxh3 Bf3 25.
Ng3 Qe6 26. Ne2 Bg5 27. Nf4 Bxf4 28. exf4 Qxh3 0-1

[Event "*** Titled Tuesday Blitz"]
[Site "Chess.com"]
[Date "2020.11.03"]
[Round "2"]
[White "RaneshRatnesan"]
[Black "Triumphmate"]
[Result "0-1"]
[WhiteElo "2096"]
[BlackElo "2390"]
[TimeControl "180+1"]
[EndTime "10:16:05 PST"]
[Termination "Triumphmate won by resignation"]

1. d4 d5 2. Nc3 e6 3. Bf4 Bd6 4. Bg3 Nf6 5. Nf3 Ne4 6. Nxe4 dxe4 7. Ne5 f6 8. Nc4 Nc6 9. e3 O-O 10. Be2 f5 11. Nxd6 cxd6 12. Bc4 Kh8 13. f3 exf3 14. Qxf3 e5 15. O-O-O f4 16. exf4 Nxd4 17. Qe3 Bg4 18. Rd2 Qb6 19. Kb1 Rac8 20. Bb3 Nxb3 21. axb3 Qxe3 0-1

[Event "*** Titled Tuesday Blitz"]
[Site "Chess.com"]
[Date "2020.11.03"]
[Round "2"]
[White "NefeLV"]
[Black "chessmachine14"]
[Result "0-1"]
[WhiteElo "1745"]
[BlackElo "2357"]
[TimeControl "180+1"]
[EndTime "10:16:10 PST"]
[Termination "chessmachine14 won by checkmate"]

1. c4 Nf6 2. d4 g6 3. Nc3 Bg7 4. e4 d6 5. f3 O-O 6. Bd3 c5 7.
Nge2 Nc6 8. Be3 cxd4 9. Nxd4 Ng4 10.
Nxc6 Nxe3 11. Nxd8 Nxd1 12. Nxd1 Rxd8 13. O-O Be6 14. Rc1 a5 15. b3 a4 16. Nc3 axb3 17. axb3 Ra3 18. Nd5 Bxd5 19. cxd5 Rxb3 20. Rfd1 Ra8 21.
Rc7 Kf8 22. Rdc1 Bf6 23. Bf1 Rb2 24. f4 Raa2 25. Rc8+ Kg7 26. g4 Bd4+ 27. Kh1 Rxh2# 0-1

[Event "*** Titled Tuesday Blitz"]
[Site "Chess.com"]
[Date "2020.11.03"]
[Round "2"]
[White "GelmanAlexander"]
[Black "BillieKimbah"]
[Result "0-1"]
[WhiteElo "2570"]
[BlackElo "2864"]
[TimeControl "180+1"]
[EndTime "10:16:22 PST"]
[Termination "BillieKimbah won by resignation"]

1. d4 Nf6 2. Nc3 e6 3. Bf4 Bb4 4. Qd3 c5 5. dxc5 Na6 6. O-O-O Nxc5 7. Qd4 Qa5 8. Be5 Bxc3 9. Qxc3 Qxa2 10. f3 b6 11. e4 Bb7 12. Bc4 Qa1+ 13. Kd2 Ncxe4+ 14. fxe4 Nxe4+ 15. Ke1 Qxd1+ 16. Kxd1 Nxc3+ 17. Bxc3 Bxg2 0-1

[Event "*** Titled Tuesday Blitz"]
[Site "Chess.com"]
[Date "2020.11.03"]
[Round "2"]
[White "Rital44"]
[Black "FMalexhdez"]
[Result "1-0"]
[WhiteElo "2472"]
[BlackElo "2296"]
[TimeControl "180+1"]
[EndTime "10:16:24 PST"]
[Termination "Rital44 won by resignation"]

1. e4 c5 2. Nf3 d6 3. d4 cxd4 4.
Nxd4 Nf6 5. Nc3 a6 6. Be3 e5 7.
Nb3 Be6 8. h3 Nbd7 9. g4 Nb6 10.
g5 Nfd7 11. Nd5 Nxd5 12. exd5 Bf5 13. c4 Rc8 14. Qf3 g6 15. h4 Bg7 16. h5 e4 17.
Qe2 Ne5 18. h6 Nd3+ 19. Qxd3 exd3 20. hxg7 Rg8 21. Rxh7 Qe7 22. Nd4 Rxc4 23. Nxf5 gxf5 24. Bxd3 Rg4 25. Rh8 f6 26. Rxg8+ Kf7 27. Rf8+ Kxg7 28. gxf6+ 1-0

[Event "*** Titled Tuesday Blitz"]
[Site "Chess.com"]
[Date "2020.11.03"]
[Round "2"]
[White "jonaszmb"]
[Black "picturesquecheck"]
[Result "1-0"]
[WhiteElo "2399"]
[BlackElo "2127"]
[TimeControl "180+1"]
[EndTime "10:16:34 PST"]
[Termination "jonaszmb won by resignation"]

1. Nf3 Nf6 2. g3 c5 3. c4 g6 4. Bg2 Nc6 5. O-O Bg7 6. Nc3 O-O 7.
d3 e6 8. e4 b6 9. Bf4 h5 10.
Re1 Bb7 11. Nb5 Ng4 12. Bd6 Re8 13. Nc7 Bxb2 14. Rb1 Bc3 15. Nxe8 Bxe1 16. Qxe1 Qxe8 17. e5 Rc8 18. Qd2 Ne7 19. h3 Nf5 20. hxg4 hxg4 21.
Ng5 Bxg2 22. Kxg2 Rc6 23. Ne4 1-0

[Event "*** Titled Tuesday Blitz"]
[Site "Chess.com"]
[Date "2020.11.03"]
[Round "2"]
[White "Varinius"]
[Black "TurboSteen"]
[Result "1-0"]
[WhiteElo "2509"]
[BlackElo "2014"]
[TimeControl "180+1"]
[EndTime "10:16:35 PST"]
[Termination "Varinius won by resignation"]

1. d4 Nf6 2. Nf3 g6 3. c4 Bg7 4. Nc3 d5 5. e3 O-O 6. cxd5 Nxd5 7. Bc4 Nxc3 8. bxc3 c5 9. O-O Nc6 10. Qe2 b6 11.
Rd1 Qc7 12. Rb1 e5 13. dxc5 Na5 14. Ba3 Nxc4 15. Qxc4 Be6 16. Qb5 Bxa2 17. cxb6 axb6 18. Bxf8 Rxf8 19. Qxb6 Qxc3 20. Rbc1 Qa3 21. Ra1 e4 22. Nd4 Ra8 23. h3 h6 24. Qc6 1-0

[Event "*** Titled Tuesday Blitz"]
[Site "Chess.com"]
[Date "2020.11.03"]
[Round "2"]
[White "ftorodent"]
[Black "SergeyShtyka"]
[Result "0-1"]
[WhiteElo "2660"]
[BlackElo "2373"]
[TimeControl "180+1"]
[EndTime "10:16:36 PST"]
[Termination "SergeyShtyka won by resignation"]

1. d4 c5 2. d5 e5 3. e4 d6 4. Nc3 Be7 5. f4 exf4 6. Bxf4 a6 7. Nf3 Nf6 8. e5 dxe5 9. Nxe5 O-O 10. Be2 b5 11.
Bf3 b4 12. d6 Bxd6 13. Bxa8 bxc3 14. O-O cxb2 15. Rb1 Qc7 16. Rxb2 Bxe5 17. Bxe5 Qxe5 18. Rb3 Bg4 19. Bf3 Bxf3 20. Qxf3 Nbd7 21. Rb7 h6 22. h3 Qd4+ 23. Kh1 Re8 24. c3 Qe4 25. Qd1 Qxb7 0-1

[Event "*** Titled Tuesday Blitz"]
[Site "Chess.com"]
[Date "2020.11.03"]
[Round "2"]
[White "lolo9292"]
[Black "starworld123"]
[Result "1-0"]
[WhiteElo "2443"]
[BlackElo "2678"]
[TimeControl "180+1"]
[EndTime "10:16:42 PST"]
[Termination "lolo9292 won by resignation"]

1. Nf3 d5 2. g3 Bg4 3. Bg2 c6 4. O-O Nd7 5. d4 e6 6. h3 Bh5 7.
c4 Ngf6 8. cxd5 exd5 9. Nc3 Be7 10. Nh4 O-O 11. Nf5 Re8 12. Nxe7+ Qxe7 13. g4 Bg6 14. f3 c5 15. e3 Rad8 16. h4 h6 17. h5 Bh7 18. Bd2 Nb6 19. b3 Nfd7 20. Re1 Nf8 21. dxc5 Qxc5 22. Rc1 d4 23. Ne2 Qa3 24.
Nxd4 Qxa2 25. Bc3 Qa3 26. Qe2 Nd5 27. Bb2 Qd6 28. e4 Nf4 29. Qe3 N8e6 30. Nxe6 Rxe6 31.
e5 Qd2 32. Qxd2 Rxd2 33. Rc8+ 1-0

[Event "*** Titled Tuesday Blitz"]
[Site "Chess.com"]
[Date "2020.11.03"]
[Round "2"]
[White "annamaja"]
[Black "LisikValera"]
[Result "0-1"]
[WhiteElo "2307"]
[BlackElo "2517"]
[TimeControl "180+1"]
[EndTime "10:16:43 PST"]
[Termination "LisikValera won on time"]

1. e4 e6 2. d4 d5 3. exd5 exd5 4. c4 Nf6 5. Nc3 Bb4 6. Bd3 dxc4 7. Bxc4 O-O 8. Ne2 Nc6 9. O-O Bg4 10. f3 Be6 11. d5 Ne5 12. Bb3 Bf5 13. Bg5 Nd3 14.
g3 Qd6 15. Ne4 Nxe4 16. fxe4 Bxe4 17. Be3 Bc5 18. Qd2 Qb6 0-1

[Event "*** Titled Tuesday Blitz"]
[Site "Chess.com"]
[Date "2020.11.03"]
[Round "2"]
[White "alexsergeyev"]
[Black "Peng_Li-Min"]
[Result "0-1"]
[WhiteElo "2333"]
[BlackElo "2626"]
[TimeControl "180+1"]
[EndTime "10:16:48 PST"]
[Termination "Peng_Li-Min won by resignation"]

1. d4 Nf6 2. c4 g6 3. Nc3 Bg7 4. e4 O-O 5. Be2 d6 6. Nf3 e5 7. O-O Nc6 8. d5 Ne7 9. b4 Nh5 10. Bg5 h6 11. Bxe7 Qxe7 12. Rc1 a5 13. a3 axb4 14.
axb4 Nf4 15. c5 f5 16. cxd6 cxd6 17. Nd2 h5 18. Nc4 Bh6 19. Nb6 Ra3 20. Nxc8 Rxc8 21. Kh1 Raxc3 22. Rxc3 Rxc3 23. Bf3 Nd3 24. exf5 gxf5 25.
Bxh5 Nxf2+ 0-1

[Event "*** Titled Tuesday Blitz"]
[Site "Chess.com"]
[Date "2020.11.03"]
[Round "2"]
[White "ural58"]
[Black "Shield12"]
[Result "0-1"]
[WhiteElo "2352"]
[BlackElo "2906"]
[TimeControl "180+1"]
[EndTime "10:16:50 PST"]
[Termination "Shield12 won by resignation"]

1. e4 c5 2. b3 Nf6 3. e5 Nd5 4. Nc3 Nc7 5. d4 cxd4 6. Qxd4 Ne6 7. Qe4 Nc6 8. Bb2 g6 9. O-O-O Bg7 10. Nf3 O-O 11. Bc4 b6 12. h4 Bb7 13. Bd5 Nc7 14.
h5 e6 15. Bxc6 Bxc6 16. Qf4 Rc8 17. Ne4 Bxe4 18. Qxe4 Nd5 19. Kb1 b5 20. Nd4 a6 21.
Ne2 Qb6 22. f4 Qc6 23. Rc1 b4 24. Nd4 Nc3+ 0-1

[Event "*** Titled Tuesday Blitz"]
[Site "Chess.com"]
[Date "2020.11.03"]
[Round "2"]
[White "SARGISMV"]
[Black "oskariot"]
[Result "0-1"]
[WhiteElo "2478"]
[BlackElo "2716"]
[TimeControl "180+1"]
[EndTime "10:16:51 PST"]
[Termination "oskariot won by resignation"]

1. d4 Nf6 2. c4 c5 3. Nc3 cxd4 4.
Qxd4 Nc6 5. Qd3 g6 6. Nf3 Bg7 7. a3 O-O 8. Bg5 d6 9. g3 Bg4 10. Bg2 Rc8 11. O-O Bxf3 12. Qxf3 Qb6 13. Bxf6 Bxf6 14. Nd5 Qxb2 15. Rab1 Qe5 16. Nxf6+ exf6 17. Rxb7 Nd4 18. Qd5 Nxe2+ 19. Kh1 Nc3 20. Qd3 Na4 21. Rxa7 Nb2 22. Qd5 Nxc4 23. Rc1 Ne3 24. Qxf7+ Rxf7 25. Rxc8+ Kg7 26. Rxf7+ Kxf7 27. fxe3 Qa1+ 0-1

[Event "*** Titled Tuesday Blitz"]
[Site "Chess.com"]
[Date "2020.11.03"]
[Round "2"]
[White "vinniethepooh"]
[Black "Smirnov_Pavel"]
[Result "1-0"]
[WhiteElo "2577"]
[BlackElo "2836"]
[TimeControl "180+1"]
[EndTime "10:16:52 PST"]
[Termination "vinniethepooh won by resignation"]

1. d4 Nf6 2. c4 e6 3. Nc3 Bb4 4. f3 c5 5. d5 O-O 6. e4 b5 7. e5 Ne8 8. f4 exd5 9. cxd5 d6 10. Nf3 Nc7 11. Bd3 dxe5 12. d6 Nd5 13. Bxh7+ Kxh7 14. Qxd5 Qb6 15. Ng5+ Kg8 16. Qe4 g6 17. fxe5 Kg7 18.
O-O Bf5 19. Rxf5 gxf5 1-0

[Event "*** Titled Tuesday Blitz"]
[Site "Chess.com"]
[Date "2020.11.03"]
[Round "2"]
[White "Yashasd1995"]
[Black "AniJak"]
[Result "1-0"]
[WhiteElo "2546"]
[BlackElo "2319"]
[TimeControl "180+1"]
[EndTime "10:16:52 PST"]
[Termination "Yashasd1995 won by resignation"]

1. b3 e5 2. Bb2 Nc6 3. e3 d6 4. d4 f5 5. dxe5 Nxe5 6. c4 Nf6 7. Nc3 Be7 8. g3 O-O 9. Bg2 c6 10. Nge2 Be6 11. Nd4 Qd7 12. Nxe6 Qxe6 13. O-O Kh8 14. Qc2 Rad8 15. Rad1 Neg4 16. Rfe1 Ne4 17. f3 Nxc3 18.
Bxc3 Ne5 19. f4 Ng4 20. e4 Bf6 21. exf5 Qf7 22. Ba5 Rd7 23. h3 Nh6 24. g4 Bh4 25.
Re6 Bg3 26. Qe4 b6 27. Bc3 Rfd8 28. Rxh6 d5 29. cxd5 cxd5 30. Qe6 d4 31. Qxf7 Rxf7 32.
Re6 Bxf4 33. Rxd4 1-0